[Event "Team 45 45 League T67"]
[Site "Internet Chess Club"]
[Date "2015.12.18"]
[Round "2"]
[White "SlimeDog2"]
[Black "PoisonPawn"]
[Result "0-1"]
[WhiteElo "2024"]
[BlackElo "2183"]
[Opening "Bogo-Indian defense, Grünfeld variation"]
[ECO "E11"]
[Time "20:39:23"]
[TimeControl "2700+45"]

1. d4 Nf6 2. c4 e6 3. Nf3 Bb4+ 4. Nbd2 b6 5. g3 Ba6 6. Qc2 c5 7. Bg2 Nc6 8. e4
cxd4 9. e5 Ng4 10. O-O Bxd2 11. Bxd2 Ngxe5 12. Nxe5 Nxe5 13. Qa4 Bxc4 14. Rfe1
b5 15. Qa3 Nc6 16. b3 Bd3 17. Bxc6 dxc6 18. Rac1 Qd5 19. Rc5 Qf3 20. Rce5 Bf5
21. Bg5 f6 22. Qd6 Kf7 23. Rxe6 Bh3 24. Qd7+ Kg6 25. Rxf6+ {White resigns} 0-1

[Event "Team 45 45 League T67"]
[Site "Internet Chess Club"]
[Date "2015.12.12"]
[Round "2"]
[White "primerpaso"]
[Black "passedpawn"]
[Result "1-0"]
[WhiteElo "1888"]
[BlackElo "1813"]
[Opening "English opening"]
[ECO "A17"]
[Time "20:03:37"]
[TimeControl "2700+45"]

1. c4 Nf6 2. Nc3 e6 3. g3 d5 4. cxd5 exd5 5. d4 c6 6. Bg2 Bf5 7. Nf3 Bd6 8. O-O
Nbd7 9. Bf4 Bxf4 10. gxf4 Ne4 11. Ne5 Nd6 12. e3 O-O 13. Qe2 f6 14. Nd3 Re8 15.
Kh1 Qe7 16. Rg1 Ne4 17. Bf3 Kh8 18. Rg2 Rg8 19. Rc1 Rae8 20. Rgg1 Qe6 21. b4
Nxc3 22. Rxc3 Bxd3 23. Qxd3 a6 24. Qc2 Qd6 25. a4 g6 26. b5 axb5 27. axb5 Rc8
28. Rc1 Nb8 29. Qb3 Rgd8 30. Qa4 Qd7 31. Qc2 f5 32. Rc5 Qe6 33. Qb2 Kg8 34. bxc6
bxc6 35. Qb7 Kh8 36. Kg1 h6 37. Bxd5 {Black resigns} 1-0

[Event "Team 45 45 League T67"]
[Site "Internet Chess Club"]
[Date "2015.12.13"]
[Round "2"]
[White "qingjoshua"]
[Black "zap2"]
[Result "1/2-1/2"]
[WhiteElo "1705"]
[BlackElo "1805"]
[Opening "Caro-Kann: advance variation"]
[ECO "B12"]
[Time "15:08:08"]
[TimeControl "2700+45"]

1. e4 c6 2. d4 d5 3. e5 Bf5 4. Nf3 e6 5. Be2 Ne7 6. O-O Nd7 7. Nbd2 c5 8. c3 Nc6
9. Nb3 cxd4 10. cxd4 Rc8 11. Bd2 Be7 12. Rc1 a6 13. Na5 Nxa5 14. Rxc8 Qxc8 15.
Bxa5 O-O 16. Qd2 b6 17. Bc3 Qb7 18. Rc1 b5 19. Ba5 Nb6 20. b3 Rc8 21. Rxc8+ Nxc8
22. Ne1 Na7 23. Nd3 Nc6 24. Bc3 b4 25. Bb2 h6 26. g4 Bg6 27. f4 Qb6 28. Nc1 f6
{Game drawn by mutual agreement} 1/2-1/2

[Event "Team 45 45 League T67"]
[Site "Internet Chess Club"]
[Date "2015.12.13"]
[Round "2"]
[White "bradleyguo175"]
[Black "gyu123987kool"]
[Result "1-0"]
[WhiteElo "1651"]
[BlackElo "1863"]
[Opening "Grünfeld: Russian, Alekhine (Hungarian) variation"]
[ECO "D97"]
[Time "14:04:40"]
[TimeControl "2700+45"]

1. d4 Nf6 2. c4 g6 3. Nc3 d5 4. Nf3 Bg7 5. Qb3 dxc4 6. Qxc4 O-O 7. e4 a6 8. Be2
b5 9. Qb3 Nc6 10. e5 Nd7 11. Bf4 Nb6 12. d5 Na5 13. Qb4 Nac4 14. b3 a5 15. Qc5
Nd7 16. Qd4 Na3 17. Qd2 b4 18. Ne4 Nb6 19. Rd1 Bb7 20. Nc5 Bxd5 21. Bh6 e6 22.
Bxg7 Kxg7 23. O-O Qe7 24. Rc1 Rfd8 25. Qe3 Nc8 26. Na6 c6 27. Qc5 Qxc5 28. Rxc5
Na7 29. Nc7 Rac8 30. Nxd5 cxd5 31. Rxa5 Nc6 32. Rc5 d4 33. Bd3 f6 34. Ba6 Ne7
35. Bxc8 Nxc8 36. Rc7+ Kg8 37. Nxd4 Nb6 38. Nxe6 Re8 39. Rd1 fxe5 40. Rb7 Nc8
41. Rdd7 {Black resigns} 1-0

[Event "Team 45 45 League T67"]
[Site "Internet Chess Club"]
[Date "2015.12.12"]
[Round "2"]
[White "LN09102Q"]
[Black "uzi"]
[Result "1-0"]
[WhiteElo "1659"]
[BlackElo "1691"]
[Opening "Scandinavian: Marshall variation"]
[ECO "B01"]
[Time "14:30:16"]
[TimeControl "2700+45"]

1. e4 d5 2. exd5 Nf6 3. d4 Nxd5 4. Nf3 Bf5 5. Be2 Nc6 6. Bd2 e6 7. Bb5 a6 8. Ba4
b5 9. Bb3 Na5 10. Bxa5 Be7 11. Nc3 Nxc3 12. Bxc3 a5 13. a3 O-O 14. O-O c6 15.
Ne5 Qc7 16. Qf3 Bd6 17. Nxc6 a4 18. Ba2 Bxc2 19. d5 Bg6 20. h3 e5 21. Bb1 Bxb1
22. Raxb1 f6 23. Rfe1 Qb7 24. Bb4 Bxb4 25. Nxb4 Rad8 26. Rbd1 Rfe8 27. Qe4 Rd7
28. d6 Qxe4 29. Rxe4 Red8 30. Nc6 Rxd6 31. Rxd6 Rxd6 32. Na7 Rd1+ 33. Kh2 Rd2
34. Rb4 Rxf2 35. Nxb5 Rd2 36. Nc3 f5 37. Nxa4 e4 38. Nc3 e3 39. a4 e2 40. Nxe2
Rxe2 41. a5 Re8 42. Rc4 Ra8 43. b4 Kf7 44. Rc6 Ke7 45. a6 Kd8 46. b5 Kd7 47. Rb6
Ra7 48. Kg3 Rc7 49. Rb7 Rxb7 50. axb7 Kc7 51. Kf4 Kxb7 52. Kxf5 {Black resigns}
1-0

[Event "Team 45 45 League T67"]
[Site "Internet Chess Club"]
[Date "2015.12.12"]
[Round "2"]
[White "mongmong"]
[Black "FosterChess"]
[Result "1-0"]
[WhiteElo "1628"]
[BlackElo "1489"]
[Opening "Grünfeld: modern exchange variation"]
[ECO "D90"]
[Time "13:11:39"]
[TimeControl "2700+45"]

1. d4 Nf6 2. Nf3 g6 3. c4 Bg7 4. Nc3 d5 5. cxd5 Nxd5 6. e4 Nxc3 7. bxc3 c5 8. h3
O-O 9. Be3 Qa5 10. Bd2 Nc6 11. Be2 Rd8 12. a4 Qc7 13. Rc1 Qd7 14. d5 Ne5 15. O-O
Qd6 16. Nxe5 Bxe5 17. f4 Bg7 18. c4 Bd7 19. a5 Qa6 20. Qc2 b6 21. axb6 axb6 22.
Bc3 Bxc3 23. Qxc3 Qa3 24. Qe5 Qg3 25. Rf3 Qh4 26. f5 Qf6 27. Qxf6 exf6 28. fxg6
fxg6 29. Rxf6 Ra6 30. Rb1 Rb8 31. e5 Re8 32. e6 Bc8 33. Bg4 Rf8 34. Rxf8+ Kxf8
35. e7+ Kxe7 36. Bxc8 {Black resigns} 1-0

[Event "Team 45 45 League T67"]
[Site "Internet Chess Club"]
[Date "2015.12.12"]
[Round "2"]
[White "Goli"]
[Black "kwchess"]
[Result "1-0"]
[WhiteElo "1675"]
[BlackElo "1636"]
[Opening "Scandinavian defense"]
[ECO "B01"]
[Time "16:31:53"]
[TimeControl "2700+45"]

1. e4 d5 2. exd5 Nf6 3. Nf3 Nxd5 4. d4 Bg4 5. Be2 e6 6. O-O Be7 7. c4 Nf6 8. h3
Bh5 9. Nc3 c6 10. Bf4 Bxf3 11. Bxf3 Bd6 12. Bxd6 Qxd6 13. d5 O-O 14. dxc6 Qxd1
15. cxb7 Qxf3 16. gxf3 Nc6 17. bxa8=Q Rxa8 18. f4 Rb8 19. b3 Nh5 20. Ne2 a5 21.
Rfd1 g6 22. Rd6 Nb4 23. Kf1 Kg7 24. a3 Nc2 25. Ra2 Rxb3 26. Rxc2 Nf6 27. c5 Ne4
28. Ra6 Rxa3 29. c6 Nd6 30. c7 Nc8 31. Ra8 Nb6 32. Rb8 Ra1+ 33. Kg2 a4 34. Rxb6
a3 35. c8=Q a2 36. Qc3+ Kh6 37. Qxa1 e5 38. fxe5 Kh5 39. Ng3+ Kh6 40. Rxa2 f5
41. exf6 {Black resigns} 1-0

[Event "Team 45 45 League T67"]
[Site "Internet Chess Club"]
[Date "2015.12.13"]
[Round "2"]
[White "Schachteufel"]
[Black "Egmont"]
[Result "1-0"]
[WhiteElo "1675"]
[BlackElo "1694"]
[Opening "French: Fort Knox variation"]
[ECO "C03"]
[Time "10:00:35"]
[TimeControl "2700+45"]

1. e4 e6 2. d4 d5 3. Nd2 Bd7 4. Ngf3 dxe4 5. Nxe4 Bc6 6. Bd3 Nd7 7. O-O Ngf6 8.
Ned2 Be7 9. Nc4 Bxf3 10. Qxf3 c6 11. c3 O-O 12. Bf4 Nb6 13. Ne5 Nbd5 14. Bd2 Qb6
15. Qg3 Nh5 16. Qh3 Ndf4 17. Bxf4 g6 18. Be3 Rab8 19. Nd7 Qxb2 20. Nxf8 Bxf8 21.
c4 Bg7 22. Rfb1 Qc3 23. Be2 Bxd4 24. Bxh5 Bxe3 25. Qxe3 Qxe3 26. fxe3 gxh5 27.
Rd1 Kf8 28. Rd7 Ke8 29. Rad1 {Black resigns} 1-0

[Event "Team 45 45 League T67"]
[Site "Internet Chess Club"]
[Date "2015.12.12"]
[Round "2"]
[White "AVEMARIA"]
[Black "RUPIS"]
[Result "0-1"]
[WhiteElo "1562"]
[BlackElo "1699"]
[Opening "French: Rubinstein variation"]
[ECO "C10"]
[Time "12:00:50"]
[TimeControl "2700+45"]

1. e4 e6 2. d4 d5 3. Nc3 dxe4 4. Nxe4 Nd7 5. Nf3 Ngf6 6. Bd3 Be7 7. O-O O-O 8.
Qe2 b6 9. Rd1 Bb7 10. Nxf6+ Nxf6 11. c4 Qc8 12. d5 Bd6 13. dxe6 Qxe6 14. Qxe6
fxe6 15. Ng5 Rae8 16. f3 Bc5+ 17. Kh1 e5 18. Bd2 e4 19. Nxe4 Bxe4 20. Bxe4 Nxe4
21. fxe4 Rxe4 22. b4 Bd6 23. Rac1 Re2 24. c5 bxc5 25. bxc5 Be5 26. Re1 Ref2 27.
Rxe5 Rf1+ {White resigns} 0-1

[Event "Team 45 45 League T67"]
[Site "Internet Chess Club"]
[Date "2015.12.11"]
[Round "2"]
[White "medsurg"]
[Black "tightfist"]
[Result "0-1"]
[WhiteElo "1385"]
[BlackElo "1655"]
[Opening "Bogo-Indian defense"]
[ECO "E11"]
[Time "22:00:57"]
[TimeControl "2700+45"]

1. d4 Nf6 2. c4 e6 3. Nf3 Bb4+ 4. Bd2 c5 5. a3 Bxd2+ 6. Nbxd2 cxd4 7. Nxd4 O-O
8. g3 Nc6 9. Nxc6 bxc6 10. Bg2 a5 11. O-O Rb8 12. Rb1 Ba6 13. Re1 c5 14. e4 d6
15. e5 dxe5 16. Rxe5 Qd4 17. Re3 Rxb2 18. Rxb2 Qxb2 19. Rb3 Qd4 20. Qc2 Rd8 21.
Nf3 Qxc4 {White resigns} 0-1

[Event "Team 45 45 League T67"]
[Site "Internet Chess Club"]
[Date "2015.12.11"]
[Round "2"]
[White "Packerfan"]
[Black "ticopatzer"]
[Result "1-0"]
[WhiteElo "1897"]
[BlackElo "1734"]
[Opening "King's Indian: 6.Be2"]
[ECO "E91"]
[Time "10:00:15"]
[TimeControl "2700+45"]

1. e4 d6 2. d4 g6 3. Nf3 Bg7 4. c4 Nf6 5. Nc3 O-O 6. Be2 Nbd7 7. O-O c5 8. d5
Nb6 9. Qc2 e6 10. Bg5 exd5 11. Nxd5 Nbxd5 12. exd5 Re8 13. Rfe1 Qb6 14. b3 Bf5
15. Bd3 Bg4 16. Nd2 a5 17. Rab1 Qc7 18. h3 Bd7 19. Bf4 b5 20. Ne4 Nxe4 21. Bxe4
a4 22. cxb5 Bxb5 23. b4 c4 24. Bd3 Rac8 25. Bf1 Be5 26. Bxe5 Rxe5 27. Rxe5 dxe5
28. Rd1 Qd6 29. a3 f6 30. Qc3 Kg7 31. Qf3 Qd7 32. d6 Rc6 33. Qd5 Ba6 34. b5 Bxb5
35. Qxb5 c3 36. Qxa4 h6 37. Bb5 {Black resigns} 1-0

[Event "Team 45 45 League T67"]
[Site "Internet Chess Club"]
[Date "2015.12.12"]
[Round "2"]
[White "rayonline53"]
[Black "Lrn2Mate"]
[Result "0-1"]
[WhiteElo "1504"]
[BlackElo "1589"]
[Opening "Scandinavian (center counter) defense"]
[ECO "B01"]
[Time "07:00:45"]
[TimeControl "2700+45"]

1. e4 d5 2. exd5 Qxd5 3. Nc3 Qd8 4. Bc4 Nf6 5. Nf3 a6 6. O-O e6 7. d4 b5 8. Bb3
c5 9. dxc5 Qxd1 10. Nxd1 Bxc5 11. Be3 Nbd7 12. c4 Bb7 13. Ne1 Ne4 14. Nd3 Bxe3
15. Nxe3 Nd2 16. Rfd1 Nxb3 17. axb3 Rc8 18. Rac1 Ke7 19. c5 a5 20. Rc2 Be4 21.
Rc3 Bxd3 22. Rcxd3 Nxc5 23. Rc3 b4 24. Rc4 Nxb3 25. Rd3 Rxc4 26. Nxc4 Rd8 27.
Ne5 Rxd3 28. Nxd3 Kd6 29. Kf1 Nd2+ 30. Ke2 Nc4 31. b3 Ne5 32. Nb2 Kd5 33. h3 Kd4
34. Kd2 g5 35. Na4 f5 36. f3 Nd3 37. Nb6 Nc5 38. Kc2 e5 39. Nc4 a4 {White
resigns} 0-1

[Event "Team 45 45 League T67"]
[Site "Internet Chess Club"]
[Date "2015.12.11"]
[Round "2"]
[White "tryanything"]
[Black "evan7284"]
[Result "1-0"]
[WhiteElo "1601"]
[BlackElo "1650"]
[Opening "Bishop's opening/Petrov: Urusov gambit"]
[ECO "C24"]
[Time "16:00:19"]
[TimeControl "2700+45"]

1. e4 e5 2. Bc4 Nf6 3. d4 exd4 4. Nf3 Bb4+ 5. c3 dxc3 6. bxc3 Bc5 7. O-O d6 8.
Qb3 O-O 9. Bg5 Bg4 10. Nbd2 Bxf3 11. Qxb7 Bxg2 12. Kxg2 Nbd7 13. Nb3 Bb6 14.
Rad1 Qe8 15. f3 Qe5 16. Bd2 Qh5 17. Be1 Rab8 18. Qc6 Ne5 19. Qa4 Nxc4 20. Qxc4
Rbe8 21. Bg3 Qg5 22. Nd4 Nh5 23. Nf5 Nxg3 24. Nxg3 Qc5 25. Qb3 Rb8 26. Rd5 Qc6
27. Nf5 Rfe8 28. c4 Bc5 29. Qxb8 {Black resigns} 1-0

[Event "Team 45 45 League T67"]
[Site "Internet Chess Club"]
[Date "2015.12.13"]
[Round "2"]
[White "Electryon"]
[Black "Kingfisher75"]
[Result "1-0"]
[WhiteElo "1419"]
[BlackElo "1586"]
[Opening "Queen's pawn game"]
[ECO "D04"]
[Time "16:02:05"]
[TimeControl "2700+45"]

1. d4 d5 2. Nf3 Nf6 3. e3 g6 4. c4 Bg7 5. cxd5 Nxd5 6. e4 Nf6 7. Nc3 O-O 8. Be2
b6 9. O-O Bb7 10. Qc2 Na6 11. a3 c5 12. Rd1 cxd4 13. Nxd4 Qc8 14. Bf4 Nc5 15. f3
Rd8 16. b4 Ne6 17. Nxe6 Qxe6 18. Rac1 Rac8 19. Rxd8+ Rxd8 20. Rd1 Qc8 21. Rxd8+
Qxd8 22. Qd2 Qxd2 23. Bxd2 Nd7 24. Nb1 Bd4+ 25. Kf1 e5 26. Bc3 Be3 27. Bb5 Nf8
28. Bxe5 Ne6 29. Ke2 Bd4 30. Bb8 a6 31. Bc4 Nd8 32. Kd3 Nc6 33. Bd5 Bf2 34. Bf4
Kg7 35. Nd2 f5 36. Nc4 Nxb4+ 37. axb4 fxe4+ 38. Kxe4 b5 39. Bxb7 bxc4 40. Bxa6
c3 41. Kd3 Be1 42. Be5+ Kf7 43. Bxc3 {Black resigns} 1-0

[Event "Team 45 45 League T67"]
[Site "Internet Chess Club"]
[Date "2015.12.12"]
[Round "2"]
[White "mandrull"]
[Black "Skeptic1972"]
[Result "1/2-1/2"]
[WhiteElo "1665"]
[BlackElo "1625"]
[Opening "Queen's pawn"]
[ECO "A40"]
[Time "00:58:25"]
[TimeControl "2700+45"]

1. d4 e6 2. Bf4 Nf6 3. e3 b6 4. Nf3 Bb7 5. Nbd2 c5 6. c3 cxd4 7. exd4 Be7 8. Bd3
O-O 9. O-O d5 10. Ne5 Nc6 11. Qf3 Nxe5 12. Bxe5 Bd6 13. Qh3 h6 14. f4 Bxe5 15.
fxe5 Nh7 16. Rf4 Ng5 17. Qh5 f6 18. Raf1 Qe8 19. Bg6 Qe7 20. exf6 Rxf6 21. Rxf6
gxf6 22. Qxh6 Qg7 23. Qh5 Rf8 24. h4 Nh7 25. Rf3 f5 26. Rg3 Kh8 27. Nf3 Ba6 28.
Ne5 Bb5 29. Bxh7 Qxg3 30. Bg6+ Kg7 31. Qh7+ Kf6 32. Qh6 Rg8 33. Bf7+ Ke7 34.
Qxe6+ Kf8 35. Qc8+ Ke7 36. Qxg8 Qe1+ 37. Kh2 Qxh4+ 38. Kg1 Qe1+ {Game drawn by
mutual agreement} 1/2-1/2

[Event "Team 45 45 League T67"]
[Site "Internet Chess Club"]
[Date "2015.12.13"]
[Round "2"]
[White "Ajolote"]
[Black "tuantuan"]
[Result "1/2-1/2"]
[WhiteElo "1694"]
[BlackElo "1550"]
[Opening "Ruy Lopez: 5.O-O"]
[ECO "C78"]
[Time "18:00:04"]
[TimeControl "2700+45"]

1. e4 e5 2. Nf3 Nc6 3. Bb5 Nf6 4. O-O a6 5. Ba4 b5 6. Bb3 Bc5 7. d3 O-O 8. Nc3
h6 9. Bd2 d6 10. h3 Bb7 11. Qe2 Re8 12. Nd5 Nxd5 13. Bxd5 Nd4 14. Nxd4 Bxd5 15.
Nb3 Bxb3 16. axb3 d5 17. Qf3 c6 18. b4 Ba7 19. Rxa6 Bxf2+ 20. Qxf2 Rxa6 21.
Qxf7+ Kh8 22. Bxh6 gxh6 23. Rf6 Ra1+ 24. Kh2 Qxf6 25. Qxf6+ Kg8 26. Qg6+ Kf8 27.
Qf6+ Kg8 28. Qg6+ {Game drawn by mutual agreement} 1/2-1/2

[Event "Team 45 45 League T67"]
[Site "Internet Chess Club"]
[Date "2015.12.13"]
[Round "2"]
[White "okieman888"]
[Black "nidusin2"]
[Result "0-1"]
[WhiteElo "1568"]
[BlackElo "1577"]
[Opening "Ruy Lopez: Morphy defense"]
[ECO "C77"]
[Time "09:31:21"]
[TimeControl "2700+45"]

1. e4 Nc6 2. Nf3 e5 3. Bb5 a6 4. Ba4 Nf6 5. d4 b5 6. Bb3 d6 7. O-O Be7 8. h3 O-O
9. Re1 Bb7 10. c3 h6 11. Nbd2 Na5 12. Bc2 Nc4 13. Nf1 Re8 14. b3 Nb6 15. Ng3 Bf8
16. Nf5 exd4 17. Qxd4 c5 18. Qe3 Bxe4 19. Bxe4 Rxe4 20. Qd2 Rxe1+ 21. Qxe1 Qd7
22. Ng3 Re8 23. Qd2 d5 24. Bb2 Bd6 25. Nf1 Qf5 26. Ne3 Qg6 27. Rd1 Bf4 28. Nh4
Bxe3 29. Qxe3 Qh5 {White resigns} 0-1

[Event "Team 45 45 League T67"]
[Site "Internet Chess Club"]
[Date "2015.12.13"]
[Round "2"]
[White "fireball"]
[Black "zorori"]
[Result "1-0"]
[WhiteElo "1621"]
[BlackElo "1388"]
[Opening "Vienna gambit"]
[ECO "C29"]
[Time "20:01:36"]
[TimeControl "2700+45"]

1. e4 e5 2. Nc3 Nf6 3. f4 exf4 4. e5 Ng8 5. Nf3 Bc5 6. d4 Bb4 7. Bxf4 Ne7 8. d5
d6 9. exd6 cxd6 10. Bc4 Bf5 11. O-O Nd7 12. Nb5 O-O 13. c3 Bc5+ 14. Kh1 Nf6 15.
b4 Bb6 16. Nxd6 Ng4 17. Nd4 Bxd4 18. Qxd4 b6 19. h3 Nf6 20. Be5 Bg6 21. Bxf6
Qxd6 22. Bxg7 Nf5 23. Rxf5 Bxf5 24. Bxf8 Qxf8 25. d6 Rd8 26. Rd1 Qe8 27. Qf6 Bg6
28. a4 Bh5 29. Bb5 Qf8 30. Rd5 Bg6 31. d7 Be4 32. Re5 Bxg2+ 33. Kxg2 Qg7+ 34.
Rg5 Qxg5+ 35. Qxg5+ Kf8 36. Qxd8+ Kg7 37. Qg5+ Kf8 38. d8=Q# {Black checkmated}
1-0

[Event "Team 45 45 League T67"]
[Site "Internet Chess Club"]
[Date "2015.12.12"]
[Round "2"]
[White "anna"]
[Black "az2112"]
[Result "1-0"]
[WhiteElo "1847"]
[BlackElo "1566"]
[Opening "Giuoco Piano"]
[ECO "C50"]
[Time "10:00:15"]
[TimeControl "2700+45"]

1. e4 e5 2. Nf3 Nc6 3. Bc4 Bc5 4. O-O Nf6 5. d3 h6 6. c3 d6 7. h3 O-O 8. Bb3 Be6
9. Nbd2 d5 10. Re1 dxe4 11. Nxe4 Bxb3 12. Qxb3 Nxe4 13. dxe4 Bb6 14. Be3 Bxe3
15. Rxe3 b6 16. Rd1 Qc8 17. Red3 Qb7 18. Rd7 Nb8 19. Rxf7 {Black resigns} 1-0

[Event "Team 45 45 League T67"]
[Site "Internet Chess Club"]
[Date "2015.12.16"]
[Round "2"]
[White "SugarIslander"]
[Black "moodle"]
[Result "1-0"]
[WhiteElo "1683"]
[BlackElo "1641"]
[Opening "QGD: Grau (Sahovic) defense"]
[ECO "D06"]
[Time "17:00:34"]
[TimeControl "2700+45"]

1. d4 d5 2. c4 Bf5 3. cxd5 Qxd5 4. Nc3 Qd8 5. e4 Bd7 6. Nf3 e6 7. Bc4 Nc6 8. Bb3
Bb4 9. a3 Bxc3+ 10. bxc3 Nge7 11. O-O Ng6 12. Re1 O-O 13. d5 exd5 14. Bg5 Nce7
15. exd5 h6 16. Bxe7 Nxe7 17. d6 Nf5 18. dxc7 Qxc7 19. Ne5 Bc6 20. Qh5 Nd6 21.
Re3 Qd8 22. Rd1 Qf6 23. Rxd6 Qxd6 24. Nxf7 Rxf7 25. Qxf7+ Kh7 26. Re7 Qxe7 27.
Qxe7 Re8 28. Qxe8 Bxe8 29. Bd5 b6 30. f4 Kg6 31. g4 Kf6 32. Kf2 Bd7 33. h3 Ke7
34. Kg3 Kd6 35. Bb3 a5 36. h4 Ke7 37. f5 Kf6 38. Kf4 Bc6 39. g5+ hxg5+ 40. hxg5+
Ke7 41. Ke5 b5 42. Bd5 Bd7 43. Be4 Be8 44. Kd5 Bd7 45. Kc5 b4 46. cxb4 axb4 47.
axb4 Kd8 48. Kd6 Ke8 49. Bc6 Bxc6 50. Kxc6 Kd8 51. Kb7 Kd7 52. b5 Kd8 53. b6 Kd7
54. Ka7 Kc8 55. b7+ Kd7 56. b8=Q Ke7 57. Qe5+ Kf8 58. g6 Kg8 59. Qe8# {Black
checkmated} 1-0

[Event "Team 45 45 League T67"]
[Site "Internet Chess Club"]
[Date "2015.12.13"]
[Round "2"]
[White "Littlemon"]
[Black "Gojira"]
[Result "1/2-1/2"]
[WhiteElo "1543"]
[BlackElo "1707"]
[Opening "QGD Slav defense: exchange variation"]
[ECO "D10"]
[Time "10:02:03"]
[TimeControl "2700+45"]

1. d4 d5 2. c4 c6 3. cxd5 cxd5 4. Bf4 Nc6 5. e3 a6 6. Nc3 Nf6 7. Bd3 Bg4 8. Nge2
e6 9. O-O Be7 10. h3 Bh5 11. Qc2 Bg6 12. a3 Rc8 13. Bxg6 hxg6 14. Rac1 O-O 15.
Qb1 Na5 16. Rc2 Nc4 17. Nc1 Bxa3 18. b3 Nd2 19. Rxd2 Bb4 20. Nd3 Bxc3 21. Rc2
Ba5 22. Rfc1 Rxc2 23. Qxc2 Qe7 24. Qc5 Qxc5 25. Nxc5 Rc8 26. Rb1 Bc7 27. Nxb7
Bxf4 28. exf4 Ne4 29. b4 Rc7 30. Nc5 Nd2 31. Rb2 Nc4 32. Ra2 Rc8 33. Nxa6 Nd6
34. Nc5 Nb5 35. Rd2 Ra8 36. g3 Ra1+ 37. Kg2 Rb1 38. Na6 Ra1 39. Nc5 Rb1 40. Na6
Ra1 41. Nc5 Rb1 {Game drawn by repetition} 1/2-1/2

[Event "Team 45 45 League T67"]
[Site "Internet Chess Club"]
[Date "2015.12.13"]
[Round "2"]
[White "drsigmund1"]
[Black "kls1"]
[Result "0-1"]
[WhiteElo "1480"]
[BlackElo "1315"]
[Opening "King's Indian: London system"]
[ECO "A48"]
[Time "06:00:30"]
[TimeControl "2700+45"]

1. d4 Nf6 2. Nf3 g6 3. Bf4 Bg7 4. Nc3 d6 5. e4 O-O 6. Qd2 c5 7. O-O-O Bg4 8.
dxc5 Nh5 9. Bh6 Na6 10. cxd6 Bxh6 11. Qxh6 Bxf3 12. gxf3 exd6 13. Rg1 Kh8 14.
Rd5 Nf6 15. Rd1 Rc8 16. e5 Ng8 17. Qe3 Rc6 18. Qxa7 Qc7 19. exd6 Rxd6 20. Bxa6
Rxa6 21. Qd4+ Nf6 22. h4 Rc8 23. Rd2 Qc6 24. Ne4 Rxa2 25. b3 Rxc2+ 26. Kb1 Rc1+
27. Rxc1 Qxc1+ 28. Ka2 Ra8+ {White resigns} 0-1

[Event "Team 45 45 League T67"]
[Site "Internet Chess Club"]
[Date "2015.12.15"]
[Round "2"]
[White "G-force"]
[Black "DarthDaver"]
[Result "1/2-1/2"]
[WhiteElo "2136"]
[BlackElo "1968"]
[Opening "French: King's Indian attack"]
[ECO "C00"]
[Time "19:02:20"]
[TimeControl "2700+45"]

1. e4 e6 2. d3 c5 3. Nf3 Nc6 4. g3 Nge7 5. Bg2 g6 6. O-O Bg7 7. c3 e5 8. a3 d6
9. b4 b6 10. b5 Na5 11. c4 O-O 12. Nc3 h6 13. h4 Bg4 14. Qc2 Qd7 15. Nh2 Bh3 16.
Rb1 Bxg2 17. Kxg2 f5 18. Qe2 Rf7 19. h5 g5 20. exf5 Nxf5 21. Be3 Raf8 22. Ng4
Nb7 23. Nd5 Nd8 24. Bd2 Ne6 25. Bc3 Ne7 26. Nxe7+ Rxe7 27. Rbd1 Nd4 28. Qe4 d5
29. Qxd5+ Qxd5+ 30. cxd5 Nxb5 31. Bb2 e4 32. Bxg7 Kxg7 33. Rfe1 Nc3 34. Rd2 Nxd5
35. dxe4 {Game drawn by mutual agreement} 1/2-1/2

[Event "Team 45 45 League T67"]
[Site "Internet Chess Club"]
[Date "2015.12.19"]
[Round "2"]
[White "ShootStraight"]
[Black "jonesey"]
[Result "1/2-1/2"]
[WhiteElo "1986"]
[BlackElo "1976"]
[Opening "Benkö gambit"]
[ECO "A57"]
[Time "15:00:33"]
[TimeControl "2700+45"]

1. d4 Nf6 2. c4 c5 3. d5 b5 4. Qc2 bxc4 5. e4 e6 6. dxe6 fxe6 7. e5 Nd5 8. Bxc4
Nc6 9. Nf3 Ba6 10. O-O Bxc4 11. Qxc4 Be7 12. Nc3 Nxc3 13. Qxc3 O-O 14. Be3 Nb4
15. Bxc5 Bxc5 16. Qxc5 Nd3 17. Qd4 Nf4 18. Qe4 Rb8 19. b3 Qa5 20. Rfd1 Rb4 21.
Qe3 Nd5 22. Qd2 Qb6 23. Rac1 Rg4 24. Kh1 Nf4 25. Rg1 Qb7 26. Rc3 Nxg2 27. Rxg2
Rxf3 28. Rc8+ Kf7 29. Rc7 Qxc7 30. Rxg4 Rc3 31. Qf4+ Kg8 32. Rxg7+ Kxg7 33. Qg5+
{Game drawn by mutual agreement} 1/2-1/2

[Event "Team 45 45 League T67"]
[Site "Internet Chess Club"]
[Date "2015.12.13"]
[Round "2"]
[White "fledermaus"]
[Black "bobhill"]
[Result "1/2-1/2"]
[WhiteElo "1892"]
[BlackElo "1945"]
[Opening "QGD: Charousek (Petrosian) variation"]
[ECO "D31"]
[Time "16:02:57"]
[TimeControl "2700+45"]

1. d4 d5 2. c4 e6 3. Nc3 Be7 4. Nf3 h6 5. Bf4 Nf6 6. e3 O-O 7. Qc2 Na6 8. a3 c5
9. Rd1 Qa5 10. dxc5 Bxc5 11. Nd2 Be7 12. cxd5 exd5 13. Nb3 Qb6 14. Na4 Qd8 15.
Be2 Bd7 16. Nc3 Rc8 17. Qd2 Qb6 18. Nd4 Nc5 19. f3 Na4 20. Nxa4 Bxa4 21. Rc1 Bc5
22. O-O Rfe8 23. b4 Bf8 24. Rxc8 Rxc8 25. Rc1 Rxc1+ 26. Qxc1 a5 27. Bc7 Qa7 28.
bxa5 Qc5 29. Qxc5 Bxc5 30. a6 bxa6 31. Bxa6 Bxa3 32. Bb7 Bd7 33. Be5 Be6 34. Nb5
Bb4 35. Nc7 Bc5 36. Kf2 Bb6 37. Nb5 Kf8 38. Nc3 Nd7 39. Bd6+ Kg8 40. Bxd5 Bf5
41. Na4 Ba7 42. Bc6 f6 43. Bd5+ Kh8 44. Ke2 Ne5 45. Bc5 Bb8 46. g3 Bd3+ 47. Kd2
Ba6 48. Nb2 g5 49. Bd4 Kg7 50. Bxe5 Bxe5 51. Na4 h5 52. Nc5 Bc8 53. f4 Bd6 54.
Ne4 Bb4+ 55. Kd3 g4 56. Nc3 f5 57. Bc6 Bc5 58. Be8 Ba6+ 59. Kd2 Kh6 60. Nd5 Bc4
61. Nc3 Be7 62. Bb5 Be6 63. Bd3 h4 64. gxh4 Kh5 65. e4 fxe4 66. Bxe4 Kxh4 67. f5
Bc4 68. Nd5 Bg5+ 69. Ke1 Kh3 70. f6 Kxh2 71. f7 Bh6 72. Ne3 Be6 73. Bf5 Bxf5 74.
Nxf5 Bf8 75. Ke2 Kh3 76. Kd3 g3 77. Nxg3 {Game drawn by mutual agreement}
1/2-1/2

[Event "Team 45 45 League T67"]
[Site "Internet Chess Club"]
[Date "2015.12.13"]
[Round "2"]
[White "Otelo"]
[Black "Sempigreen"]
[Result "1-0"]
[WhiteElo "1813"]
[BlackElo "1756"]
[Opening "Sicilian: closed"]
[ECO "B23"]
[Time "14:23:02"]
[TimeControl "2700+45"]

1. e4 c5 2. Nc3 e6 3. f4 d5 4. Bb5+ Bd7 5. exd5 exd5 6. Qe2+ Be7 7. Nxd5 Bxb5 8.
Qxb5+ Nc6 9. Nxe7 Qxe7+ 10. Qe2 O-O-O 11. Qxe7 Ngxe7 12. d3 Nd4 13. Kd1 Nd5 14.
Ne2 Nf5 15. g3 Rhe8 16. Bd2 b6 17. a4 Nde3+ 18. Bxe3 Nxe3+ 19. Kd2 Nxc2 20. Kxc2
Rxe2+ 21. Kc3 Re3 22. Rad1 Rd4 23. b3 Re7 24. Rhe1 Red7 25. Re5 f6 26. Re8+ Kb7
27. Rh8 g6 28. Re8 a6 29. Rd2 b5 30. Re4 R4d6 31. axb5 axb5 32. d4 f5 33. Re5
cxd4+ 34. Kd3 Kb6 35. Rc2 Rc6 36. Rxc6+ Kxc6 37. Re6+ Kc5 38. h4 Kb4 39. Rb6 Rd5
40. h5 gxh5 41. Re6 Kxb3 42. Re5 Rd6 43. Rxb5+ Ka4 44. Rxf5 Rg6 45. Rxh5 Rxg3+
46. Kxd4 Rg7 47. f5 Rf7 48. Ke5 Kb5 49. Ke6 Ra7 50. f6+ Kc6 51. f7 Ra8 52. Rxh7
Kc5 53. Rg7 Ra6+ 54. Kf5 {Black resigns} 1-0

[Event "Team 45 45 League T67"]
[Site "Internet Chess Club"]
[Date "2015.12.13"]
[Round "2"]
[White "lacibacsi"]
[Black "zigzag2002"]
[Result "1-0"]
[WhiteElo "2084"]
[BlackElo "2070"]
[Opening "Sicilian: closed"]
[ECO "B24"]
[Time "08:01:06"]
[TimeControl "2700+45"]

1. e4 c5 2. Nc3 Nc6 3. g3 g6 4. Bg2 Bg7 5. d3 e6 6. Be3 Nd4 7. Qd2 Ne7 8. Nd1 d6
9. c3 Ndc6 10. Bh6 O-O 11. h4 f5 12. h5 Rf7 13. hxg6 hxg6 14. Nf3 Bf6 15. Ng5
Bxg5 16. Bxg5 Qf8 17. Ne3 Bd7 18. O-O-O b5 19. Rh6 Rh7 20. Rxh7 Kxh7 21. Rh1+
Kg8 22. exf5 Nxf5 23. Ng4 Kf7 24. Rh7+ Ng7 25. Bh6 {Black resigns} 1-0